AoeStats
← AxingQuestions

QS Arena

503729016Analyzed
4v4 RM · 1mo ago on Sep 2, 2026· 47m 57s· 8 players
Game mode
Random Map
Map size
Large (8 player)
Population
200
Speed
Normal
Resources
Standard
Victory
Conquest
Starting age
Dark Age
Ending age
Imperial Age
RankedLock teamsTeams togetherTeam positionsShared explorationLock speedFull tech treeHidden civsTurbo modeCheats
Victory
Defeat
🇺🇸 Britons · United States
1147
+16
🇺🇸 Lithuanians · United States
1119
+17
🇦🇷 Saracens · Argentina
1116
+18
🇨🇦 Malians · Canada
1105
+18
🇪🇨 Cumans · Ecuador
1281
-23
🇲🇽 Celts · Mexico
1169
-18
🇲🇽 Bohemians · Mexico
1148
-17
🇲🇽 Italians · Mexico
1002
-11
LadenStone72050
0:32 Loom
8:27 Feudal Age
10:16 Double-Bit Axe
15:39 Castle Age
13:28 Horse Collar
16:46 Gold Mining
17:05 Scale Barding Armor
18:54 Wheelbarrow
25:22 Town Watch
26:28 Stone Mining
26:55 Bow Saw
26:47 Heavy Plow
28:09 Hand Cart
30:01 Forging
31:47 Gold Shaft Mining
33:56 Imperial Age
34:00 Iron Casting
33:45 Chain Barding Armor
36:19 Chemistry
35:40 Ballistics
35:26 Siege Engineers
34:55 Elite Mameluke
36:46 Blast Furnace
36:22 Plate Barding Armor
36:48 Bimaristan
36:59 Conscription
37:08 Husbandry
37:19 Bloodlines
38:20 Fervor
38:57 Light Cavalry
40:52 Hussar
44:16 Counterweights
44:42 Hoardings
44:22 Fletching
44:32 Padded Archer Armor
AxingQuestions
8:25 Feudal Age
9:15 Loom
12:23 Castle Age
11:31 Double-Bit Axe
11:28 Horse Collar
11:51 Gold Mining
12:14 Loom
13:35 Bow Saw
15:55 Heavy Plow
16:22 Fletching
19:18 Ballistics
19:15 Padded Archer Armor
20:50 Gold Shaft Mining
20:53 Bodkin Arrow
25:22 Wheelbarrow
25:51 Town Watch
26:56 Hand Cart
27:07 Leather Archer Armor
31:00 Imperial Age
28:43 Squires
28:43 Pikeman
28:51 Elite Skirmisher
30:12 Treadmill Crane
30:43 Fortified Wall
30:45 Masonry
30:31 Murder Holes
31:02 Town Patrol
31:33 Yeomen
31:27 Stone Mining
32:04 Conscription
31:06 Capped Ram
31:52 Bracer
32:39 Hoardings
35:55 Chemistry
35:40 Ring Archer Armor
36:03 Elite Longbowman
38:43 Warwolf
41:09 Halberdier
42:30 Crossbowman
43:35 Scale Mail Armor
43:46 Forging
43:35 Arbalester
46:57 Two-Man Saw
eduderino66_
9:14 Feudal Age
10:34 Double-Bit Axe
11:22 Man-at-Arms
14:50 Castle Age
13:57 Scale Mail Armor
15:16 Forging
17:12 Chain Mail Armor
17:01 Long Swordsman
19:03 Iron Casting
18:24 Arson
19:54 Squires
22:04 Bow Saw
25:18 Wheelbarrow
24:26 Horse Collar
24:53 Gold Mining
29:52 Bloodlines
29:42 Husbandry
32:44 Imperial Age
30:16 Stone Mining
31:08 Scale Barding Armor
30:43 Light Cavalry
32:57 Chain Barding Armor
33:12 Capped Ram
33:31 Cavalier
36:27 Farimba
39:04 Elite Gbeto
40:21 Hoardings
40:40 Hand Cart
41:20 Masonry
42:41 Plate Mail Armor
44:14 Plate Barding Armor
43:30 Fletching
43:41 Padded Archer Armor
44:05 Ballistics
44:37 Gold Shaft Mining
44:34 Conscription
littlepickle
6:21 Loom
8:52 Feudal Age
10:31 Double-Bit Axe
13:22 Castle Age
12:01 Horse Collar
13:15 Wheelbarrow
18:22 Bow Saw
21:09 Heavy Plow
27:35 Imperial Age
26:10 Fortified Wall
26:24 Hand Cart
26:06 Gold Mining
28:32 Husbandry
27:52 Cavalier
28:31 Stone Mining
30:02 Chemistry
28:58 Murder Holes
29:15 Scale Barding Armor
29:21 Forging
30:16 Chain Barding Armor
31:19 Two-Man Saw
31:10 Crop Rotation
30:05 Paladin
31:08 Conscription
33:13 Plate Barding Armor
33:14 Iron Casting
40:58 Ballistics
40:33 Fletching
40:45 Padded Archer Armor
41:48 Bodkin Arrow
42:12 Leather Archer Armor
44:20 Bracer
44:50 Ring Archer Armor
rakz
7:17 Feudal Age
8:23 Loom
14:37 Castle Age
13:34 Double-Bit Axe
13:32 Horse Collar
16:44 Bow Saw
16:37 Heavy Plow
25:12 Ballistics
25:58 Chemistry
26:34 Forging
28:15 Wheelbarrow
28:11 Pikeman
28:51 Squires
28:37 Arson
29:40 Hand Cart
33:26 Imperial Age
31:30 Town Watch
33:25 Wagenburg Tactics
33:59 Iron Casting
33:25 Scale Mail Armor
33:32 Halberdier
34:24 Hussite Reforms
34:40 Conscription
35:34 Sappers
36:33 Illumination
36:25 Block Printing
36:12 Atonement
36:24 Fervor
36:43 Ballistics
36:44 Bombard Tower
39:14 Blast Furnace
38:29 Chain Mail Armor
39:50 Two-Man Saw
40:17 Scale Barding Armor
40:32 Houfnice
42:46 Plate Mail Armor
42:09 Guard Tower
42:29 Fortified Wall
42:28 Onager
45:29 Devotion
46:03 Elite Hussite Wagon
TREX KID BOO
3:13 Loom
6:31 Feudal Age
7:30 Double-Bit Axe
8:38 Horse Collar
12:57 Wheelbarrow
19:09 Castle Age
17:34 Scale Barding Armor
17:40 Forging
17:40 Gold Mining
18:35 Bloodlines
18:30 Town Watch
20:37 Chain Barding Armor
21:16 Iron Casting
22:11 Bow Saw
22:04 Heavy Plow
23:22 Town Patrol
24:42 Hand Cart
27:40 Light Cavalry
32:15 Imperial Age
32:35 Hussar
34:02 Plate Barding Armor
34:28 Blast Furnace
33:35 Steppe Husbandry
36:34 Conscription
42:21 Cavalier
43:46 Paladin
TERRES300
6:38 Loom
8:27 Feudal Age
13:19 Castle Age
11:32 Horse Collar
12:16 Gold Mining
14:02 Loom
16:13 Double-Bit Axe
17:42 Gold Shaft Mining
17:50 Heavy Plow
18:22 Bow Saw
18:43 Town Watch
19:36 Fletching
20:44 Bodkin Arrow
21:34 Wheelbarrow
24:04 Ballistics
25:01 Treadmill Crane
26:31 Hand Cart
26:37 Padded Archer Armor
26:37 Stone Mining
27:44 Elite Skirmisher
30:20 Leather Archer Armor
30:15 Forging
33:33 Imperial Age
34:07 Forging
34:39 Conscription
33:50 Heavy Scorpion
35:35 Chemistry
35:17 Ring Archer Armor
34:52 Scale Mail Armor
35:50 Iron Casting
35:53 Furor Celtica
35:46 Pikeman
37:39 Siege Engineers
40:21 Capped Ram
42:42 Halberdier
43:42 Chain Mail Armor
44:03 Iron Casting
44:12 Iron Casting
43:30 Sappers
46:50 Blast Furnace
46:22 Plate Mail Armor
46:20 Masonry
crepaz
0:29 Loom
8:55 Feudal Age
13:29 Castle Age
14:09 Double-Bit Axe
25:37 Town Watch
29:34 Imperial Age
29:59 Bow Saw
29:56 Padded Archer Armor
31:16 Chemistry
30:54 Fletching
31:04 Padded Archer Armor
32:55 Murder Holes
33:02 Padded Archer Armor
33:25 Scale Mail Armor
36:08 Leather Archer Armor
35:48 Bodkin Arrow
45:54 Pikeman
46:34 Squires
46:13 Elite Skirmisher
Connection lost

Rejoining the realm…

Still unreachable

The connection could not be restored.

Session expired

The server has moved on; the page needs a fresh start.